 Dungeon Crawl Stone Soup version 0.28.0 (webtiles) character file.

Game seed: 8037263719438059869

49 Kaptain the Magician (level 3, -4/27 HPs)
             Began as a Palentonga Hedge Wizard on Feb 18, 2022.
             Slain by a gnoll (10 damage)
             ... on level 2 of the Dungeon.
             The game lasted 00:03:23 (1716 turns).

Kaptain the Magician (Palentonga Hedge Wizard)      Turns: 1716, Time: 00:03:23

Health: -4/27      AC:  4    Str: 13    XL:     3   Next: 51%
Magic:  2/8        EV:  9    Int: 16    God:
Gold:   37         SH:  0    Dex:  9    Spells: 3/9 levels left

rFire   . . .      SeeInvis +   g - +0 war axe
rCold   . . .      Faith    .   (no shield)
rNeg    . . .      Spirit   .   b - +0 robe
rPois   .          Reflect  .   c - +0 hat
rElec   .          Harm     .   (no cloak)
rCorr   .          Rampage  .   (no gloves)
Will    .....                   (no barding)
Stlth   +.........              (no amulet)
HPRegen 0.09/turn               (no ring)
MPRegen 0.11/turn               (no ring)

@: no status effects
A: large, rugged brown scales 3, see invisible, deformed body, roll 1, armoured
tail
a: Rolling Charge


You were on level 2 of the Dungeon.
You visited 1 branch of the dungeon, and saw 2 of its levels.

You collected 37 gold pieces.

Inventory:

Hand Weapons
 a - a +0 dagger
 d - a +0 flail
 f - a +0 trident
 g - a +0 war axe (weapon)
Missiles
 e - 13 stones
Armour
 b - a +0 robe (worn)
 c - a +0 hat (worn)
Potions
 h - a potion of heal wounds {unknown}


   Skills:
 + Level 1.2 Fighting
 - Level 1.5 Dodging
 - Level 1.2 Stealth
 * Level 3.6 Spellcasting
 * Level 2.0 Conjurations
 - Level 0.7 Summonings
 - Level 1.0 Translocations


You had 3 spell levels left.
You knew the following spells:

 Your Spells              Type           Power      Damage    Failure   Level
a - Magic Dart            Conj           36%        1d4       8%          1
b - Blink                 Tloc           12%        N/A       19%         2
c - Mephitic Cloud        Conj/Pois/Air  5%         N/A       36%         3

Your spell library contained the following spells:

 Spells                   Type           Power      Damage    Failure   Level
 Slow                     Hex            8%         N/A       19%         1
 Call Imp                 Summ           5%         N/A       21%         2
 Conjure Flame            Conj/Fire      6%         6-21      34%         3


Dungeon Overview and Level Annotations

Branches:
Dungeon (2/15)

Altars:


Innate Abilities, Weirdness & Mutations

You are completely covered in rugged brown scales. (AC +3, +7% HP)
You have supernaturally acute eyesight. (SInv)
Armour fits poorly on your strangely shaped body.
You can roll at nearby foes to attack.
You have a long armoured tail.


Message History

The gnoll hits you with a +0 flail!
Unknown command.
You see here a giant cockroach corpse.
A worm comes into view.
Casting: Magic Dart (safe; 8% risk of failure)
Confirm with . or Enter, or press ? or * to list all spells.
Aiming: Magic Dart (safe; 8% risk of failure)
Press: ? - help, Shift-Dir - straight line, f - worm, p - gnoll
Aim: a worm (100% to hit)
The magic dart hits the worm.
The worm is lightly wounded.
Casting: Magic Dart (safe; 8% risk of failure)
Confirm with . or Enter, or press ? or * to list all spells.
Aiming: Magic Dart (safe; 8% risk of failure)
Press: ? - help, Shift-Dir - straight line, f/p - worm
Aim: a worm (lightly wounded, 100% to hit)
The magic dart hits the worm.
The worm is moderately wounded.
The gnoll hits you with a +0 flail!
Casting: Magic Dart (safe; 8% risk of failure)
Confirm with . or Enter, or press ? or * to list all spells.
Aiming: Magic Dart (safe; 8% risk of failure)
Press: ? - help, Shift-Dir - straight line, f/p - worm
Aim: a worm (lightly wounded, 100% to hit)
The magic dart hits the worm.
The worm is moderately wounded.
The gnoll hits you with a +0 flail.
* * * LOW HITPOINT WARNING * * *
The frilled lizard hisses.
Unknown command.
Unknown command.
Casting: Magic Dart (safe; 8% risk of failure)
Confirm with . or Enter, or press ? or * to list all spells.
Aiming: Magic Dart (safe; 8% risk of failure)
Press: ? - help, Shift-Dir - straight line, f/p - worm
Aim: a worm (moderately wounded, 100% to hit)
The magic dart hits the worm.
The worm is moderately wounded.
The gnoll hits you with a +0 flail!
You die...

..........#.#
#.#
.....)....#.#
#.#
..........#.#
#g#
..........#.#
#.#
........###.#
#J#
............#
#g#
........#####
#l# ........#
#g# ........#
#@# ........#
#.# ........#
#w# ........#
#.# ........#
#.# ........#
#.# ........#
#.# ........#
#.# ........#


You could see a worm, 2 gnolls, an endoplasm, a hobgoblin and a frilled lizard.

Vanquished Creatures
  2 adders (D:2)
  A dart slug (D:2)
  4 giant cockroaches
  4 goblins
  4 hobgoblins
  3 jackals (D:1)
  3 kobolds
  A ball python (D:2)
  A bat (D:1)
  2 frilled lizards (D:1)
  2 rats (D:1)
27 creatures vanquished.

Notes
Turn   | Place    | Note
-------+----------+-------------------------------------------
     0 | D:1      | Kaptain the Palentonga Hedge Wizard began the quest for the
                  | Orb.
     0 | D:1      | Reached XP level 1. HP: 13/13 MP: 4/4
    51 | D:1      | Reached skill level 1 in Conjurations
   546 | D:1      | Reached XP level 2. HP: 21/21 MP: 6/6
   985 | D:1      | Found a faded altar of an unknown god.
  1171 | D:2      | Reached skill level 1 in Fighting
  1180 | D:2      | Reached XP level 3. HP: 24/27 MP: 1/7
  1242 | D:2      | Learned a level 2 spell: Blink
  1246 | D:2      | Learned a level 3 spell: Mephitic Cloud
  1716 | D:2      | Slain by a gnoll

Illustrated notes

Levels and vault maps discovered:
D:1:      amcnicky_arrival_abandoned_market, layout_basic,
          dreamdust_ecumenical_altar_hidden_monk_grotto
D:2:      layout_basic, hangedman_decor_clover_reticule

Skill      XL: |  1  2  3 |
---------------+----------+-----
Conjurations   | 1 2 |  2.0
Fighting       | 1 |  1.2
Dodging        | |  1.5
Stealth        | |  1.2
Spellcasting   | |  3.6
Summonings     | |  0.7
Translocations | |  1.0

Action                   || total
-------------------------++-------
Melee: Dagger            ||    63
       Tailslap          ||     8
       Punch             ||     2
       War axe           ||    26
 Cast: Magic Dart        ||    28
  Use: Scroll            ||     2
 Stab: Sleeping          ||     1
Armor: Robe              ||    46
Dodge: Dodged            ||    75
